 Dungeon Crawl Stone Soup version 0.30.1-4-g462c640d31 (webtiles) character file.

Game seed: 4184824122010708567

73 growler the Gusty (level 4, -2/24 HPs)
             Began as a Tengu Air Elementalist on Aug 31, 2023.
             Slain by Terence
             ... wielding a +0 falchion of protection
              (7 damage)
             ... on level 2 of the Dungeon.
             The game lasted 00:03:15 (1821 turns).

growler the Gusty (Tengu Air Elementalist)          Turns: 1821, Time: 00:03:16

Health: -2/24      AC:  2    Str:  9    XL:     4   Next: 27%
Magic:  6/9        EV: 12    Int: 17    God:
Gold:   8          SH:  0    Dex: 14    Spells: 2/8 levels left

rFire   . . .        (no weapon)
rCold   . . .        (no shield)
rNeg    . . .        a - +0 robe
rPois   .            (helmet restricted)
rElec   .            (no cloak)
rCorr   .            (no gloves)
SInv    .            (boots unavailable)
Will    .....        (no amulet)
Stlth   ++           (no ring)
HPRegen 0.24/turn    (no ring)
MPRegen 0.11/turn

%: no passive effects
@: very slightly contaminated
A: beak, talons 3
a: no special abilities


You were on level 2 of the Dungeon.
You visited 1 branch of the dungeon, and saw 2 of its levels.

You collected 8 gold pieces.

Inventory:

Armour
 a - a +0 robe (worn)
Scrolls
 g - a scroll of fear {unknown}
 i - a scroll of vulnerability {unknown}
Potions
 c - a potion of heal wounds
 d - 2 potions of mutation
 e - a potion of attraction {unknown}
 f - 2 potions of curing {unknown}
 h - a potion of haste {unknown}


   Skills:
 - Level 2.1 Dodging
 - Level 2.0 Stealth
 + Level 2.8 Spellcasting
 + Level 3.1 Conjurations
 + Level 5.0 Air Magic


You had 2 spell levels left.
You knew the following spells:

 Your Spells              Type           Power      Damage    Failure   Level
a - Shock                 Conj/Air       64%        1d7       3%          1
b - Static Discharge      Conj/Air       32%        2-4/arc   4%          2
c - Swiftness             Air            19%        N/A       7%          3

Your spell library contained the following spells:

 Spells                   Type           Power      Damage    Failure   Level
 Slow                     Hex            8%         N/A       19%         1
 Airstrike                Air            9%         2d(2-18)  22%         4
 Confusing Touch          Hex            2%         N/A       47%         3
 Vampiric Draining        Necr           2%         2d6       47%         3


Dungeon Overview and Level Annotations

Branches:
Dungeon (2/15)

Altars:

Annotations:
D:2 Terence


Innate Abilities, Weirdness & Mutations

You have a beak for a mouth.
You have claws for feet.


Message History

Casting: Shock (safe; 3% risk of failure)
Confirm with . or Enter, or press ? or * to list all spells.
You miscast Static Discharge.
You are very lightly contaminated with residual magic.
Nothing appears to happen.
Terence barely misses you.
Unknown command.
Terence attacks as you move away! Terence barely misses you.
Terence screams, "I want your blood!"
Your magical contamination has completely faded away.
You see here a quokka corpse.
Terence attacks as you move away!
Terence hits you with a +0 falchion of protection.
You see here a +0 rapier.
Terence attacks as you move away!
Terence hits you with a +0 falchion of protection!
Terence attacks as you move away! Terence barely misses you.
Terence attacks as you move away! Terence barely misses you.
Okay, then.
Okay, then.
Magic courses through your body. Terence barely misses you.
Casting: Static Discharge (safe; 4% risk of failure)
Confirm with . or Enter, or press ? or * to list all spells.
You miscast Static Discharge.
You are very lightly contaminated with residual magic.
Nothing appears to happen.
Terence hits you with a +0 falchion of protection.
Unknown command.
Casting: Static Discharge (safe; 4% risk of failure)
Confirm with . or Enter, or press ? or * to list all spells.
Terence is struck by an arc of lightning.
Terence is moderately wounded.
The kobold is struck by an arc of lightning.
The kobold is heavily wounded.
You are struck by an arc of lightning.
* * * LOW HITPOINT WARNING * * *
The lightning grounds out.
The kobold hits you with a +0 short sword.
* * * LOW HITPOINT WARNING * * *
Terence hits you with a +0 falchion of protection!
You die...

#.## ##...........
##.## ##....PPPP♣P.#
##...####.......P♣...#
#.......+....P♣♣_.PP..
###..†####......♣P♣...#
#.....).###.....PPP♣†.#
#..#.#..# ##......P.P.#
#..#.#@K# ##........##
#..#.#@.# ##'#######
#..#.#..# #.# #..#.#..#
#.# ######
#..#.#..######.###.....
#.....................#
####.#.#####..........#
#.#.# ##.........#
#.#.######.........#
#..................#


You could see Terence and a kobold.

Vanquished Creatures
  Jessica (D:2)
  2 adders (D:2)
  A dart slug (D:2)
  2 bats
  2 endoplasms
  3 hobgoblins
  6 quokkas
  3 ball pythons
  2 frilled lizards
  2 kobolds (D:1)
  2 rats (D:1)
26 creatures vanquished.

Notes
Turn   | Place    | Note
-------+----------+-------------------------------------------
     0 | D:1      | growler the Tengu Air Elementalist began the quest for the
                  | Orb.
     0 | D:1      | Reached XP level 1. HP: 10/10 MP: 4/4
   422 | D:1      | Reached XP level 2. HP: 15/15 MP: 3/6
   425 | D:1      | Learned a level 2 spell: Static Discharge
  1352 | D:2      | Reached XP level 3. HP: 19/19 MP: 2/7
  1356 | D:2      | Learned a level 3 spell: Swiftness
  1403 | D:2      | Noticed Jessica
  1406 | D:2      | Killed Jessica
  1454 | D:2      | Reached XP level 4. HP: 24/24 MP: 3/9
  1532 | D:2      | Reached skill level 5 in Air Magic
  1684 | D:2      | Found a faded altar of an unknown god.
  1801 | D:2      | Noticed Terence
  1821 | D:2      | Slain by Terence

Illustrated notes

Levels and vault maps discovered:
D:1:      dpeg_arrival_oval, layout_basic, minmay_pentomino_s2
D:2:      layout_loops_corners, dreamdust_ecumenical_altar_grove,
          hangedman_decor_points, hangedman_feature_mirror, st_stairs_14,
          feat_on_display, uniq_jessica, uniq_terence

Skill      XL: |  1  2  3  4 |
---------------+-------------+-----
Conjurations   | 2 3 |  3.1
Air Magic      | 5 |  5.0
Dodging        | |  2.1
Stealth        | |  2.0
Spellcasting   | |  2.8

Action                     |  1- 3 |  4- 6 || total
---------------------------+-------+-------++-------
  Melee: Unarmed           |     3 |       ||     3
         Kick              |     1 |       ||     1
   Cast: Shock             |    48 |    13 ||    61
         Static Discharge  |     1 |     3 ||     4
    Use: Scroll            |     2 |       ||     2
         Potion            |       |     1 ||     1
 Armour: Robe              |     1 |       ||     1
  Dodge: Dodged            |     6 |     6 ||    12
